[Event "Late-Titled-Tuesday-Blitz-October-17-2023"]
[Site "Chess.com"]
[Date "2023.10.17"]
[Round "1"]
[White "Aygehovit1992"]
[Black "NormWeinstein"]
[Result "1-0"]
[WhiteElo "2683"]
[BlackElo "2378"]
[TimeControl "180+1"]
[EndTime "14:06:18 PDT"]
[Termination "Aygehovit1992 won by resignation"]

1. e4 c5 2. Nc3 e6 3. Nge2 Nc6 4.
d4 cxd4 5. Nxd4 Bb4 6. Nxc6 bxc6 7. Qd4 Bf8 8. Bf4 Nf6 9. O-O-O Qb6 10. e5 Qxd4 11.
Rxd4 Nd5 12. Bd2 Bc5 13. Nxd5 cxd5 14. Rf4 O-O 15. Bd3 a5 16. h4 Ba6 17. Rh3 Bxd3 18.
Rxd3 a4 19. c4 dxc4 20. Rxc4 Bxf2 21. Rxd7 Rfc8 22. Rxc8+ Rxc8+ 23. Kd1 Bxh4 24. Rd4 Bg3 25. Rxa4 Bxe5 26. b4 h5 27. b5 Rb8 28. Rb4 Bd6 29. Rb2 Ra8 30. b6 Kh7 31. b7 Ra4 32. Kc2 Bb8 33. Kb3 Rg4 34. Bb4 f5 35. a4 e5 36. a5 e4 37. a6 e3 38. Ra2 Ba7 39. Bc5 e2 40. Rxe2 Bxc5 41. b8=Q Rb4+ 42. Qxb4 1-0

[Event "Late-Titled-Tuesday-Blitz-October-17-2023"]
[Site "Chess.com"]
[Date "2023.10.17"]
[Round "1"]
[White "esskeettit"]
[Black "Arash_Tahbaz"]
[Result "0-1"]
[WhiteElo "2486"]
[BlackElo "2907"]
[TimeControl "180+1"]
[EndTime "14:06:26 PDT"]
[Termination "Arash_Tahbaz won by resignation"]

1. d4 g6 2. c4 Bg7 3. Nc3 d6 4. e4 e5 5. Nf3 exd4 6. Nxd4 Nc6 7. Be3 Nge7 8. Be2 O-O 9. O-O f5 10.
exf5 Bxd4 11. Bxd4 Nxf5 12. Be3 Nxe3 13. fxe3 Rxf1+ 14.
Qxf1 Be6 15. Qf4 Qe7 16. Rf1 Ne5 17. Ne4 Rf8 18. Qxf8+ Qxf8 19. Rxf8+ Kxf8 20. b3 Ke7 21. h3 h6 22. Kf2 g5 23. Nc3 c6 24. e4 Kf6 25.
Ke3 Ng6 26. Bf1 h5 27. Be2 Nf4 28. Bf3 Ke5 29. Nb1 g4 30. hxg4 hxg4 31. g3 Nh5 32. Bg2 Nxg3 33. Nd2 Nh5 34. Nf1 Nf4 35. Bh1 d5 36.
exd5 cxd5 37. cxd5 Bxd5 38. Bxd5 Nxd5+ 39. Kd3 Nb4+ 40. Kc4 Nxa2 41. Kc5 Kf4 42. Kd6 Kf3 43. Kc7 Kf2 44.
Nd2 b5 45. Kb7 g3 46. Ne4+ Kf3 47. Nxg3 Kxg3 48. Kxa7 b4 49. Kb6 Kf3 50. Kc5 Ke3 51. Kc4 Kd2 0-1

[Event "Late-Titled-Tuesday-Blitz-October-17-2023"]
[Site "Chess.com"]
[Date "2023.10.17"]
[Round "1"]
[White "dodoucb"]
[Black "WilliamAlfaroCaracas"]
[Result "1-0"]
[WhiteElo "2546"]
[BlackElo "2192"]
[TimeControl "180+1"]
[EndTime "14:06:26 PDT"]
[Termination "dodoucb won by checkmate"]

1. d4 Nf6 2. c4 g6 3. Nf3 Bg7 4. Nc3 d6 5. e4 O-O 6. Be2 e5 7. O-O Nc6 8. d5 Ne7 9. Ne1 Nd7 10.
Nd3 f5 11. b4 a5 12. bxa5 Rxa5 13. Bd2 b6 14. a4 Ra8 15. f3 f4 16. Be1 g5 17. Bf2 h5 18. a5 Rxa5 19. Rxa5 bxa5 20. c5 Ba6 21. c6 Nb6 22. Bxb6 cxb6 23. Qb3 Qc7 24. Rb1 Rb8 25. Nb5 Bxb5 26. Qxb5 Nc8 27. Nb2 Na7 28. Qa6 b5 29. Ra1 a4 30. Nd3 Rb6 31.
Qa5 Rxc6 32. Qxc7 Rxc7 33. Nb4 Rc3 34. h4 gxh4 35. Kh2 h3 36. Kxh3 Bf6 37. Nc6 Nxc6 38.
dxc6 Rxc6 39. Bxb5 Rc2 40. Rxa4 Kg7 41. Ra7+ Kg6 42.
Bd7 Rc1 43. Bf5+ Kh6 44. Rh7+ Kg5 45. Kh2 Kh4 46. Bg6 Kg5 47. Bf7 Rc2 48. Rxh5# 1-0

[Event "Late-Titled-Tuesday-Blitz-October-17-2023"]
[Site "Chess.com"]
[Date "2023.10.17"]
[Round "1"]
[White "zajka-molotok"]
[Black "talaicito"]
[Result "1-0"]
[WhiteElo "2556"]
[BlackElo "2214"]
[TimeControl "180+1"]
[EndTime "14:06:27 PDT"]
[Termination "zajka-molotok won on time"]

1. e4 c5 2. Nf3 d6 3. Bb5+ Nd7 4.
a4 a6 5. Be2 Ngf6 6. Nc3 g6 7.
O-O Bg7 8. a5 O-O 9. d3 Nb8 10. e5 dxe5 11. Nxe5 Nfd7 12. Nc4 Nc6 13. Bf3 Nde5 14. Bxc6 Nxc6 15. Bf4 e5 16. Bg3 Be6 17.
Na4 Bxc4 18. dxc4 Qe7 19. Nb6 Rad8 20. Nd5 Qe6 21. Qe1 f5 22. Bh4 Rd6 23. f3 h6 24.
Bf2 Nd4 25. Qb1 e4 26. Re1 Rxd5 27. cxd5 Qxd5 28. fxe4 fxe4 29. Be3 Qc4 30. c3 Ne2+ 31. Kh1 Nf4 32. Bxf4 Rxf4 33. Qa2 Qxa2 34. Rxa2 Rf2 35. h3 Bxc3 36. Rxe4 1-0

[Event "Late-Titled-Tuesday-Blitz-October-17-2023"]
[Site "Chess.com"]
[Date "2023.10.17"]
[Round "1"]
[White "koncheto"]
[Black "TheMagician"]
[Result "1-0"]
[WhiteElo "2541"]
[BlackElo "2175"]
[TimeControl "180+1"]
[EndTime "14:06:27 PDT"]
[Termination "koncheto won on time"]

1. e4 c5 2. Nf3 d6 3. d4 cxd4 4.
Nxd4 Nf6 5. f3 a6 6. c4 g6 7. Nc3 h5 8. Be3 Nc6 9. Nc2 h4 10. Qd2 Bg7 11. Be2 Be6 12. Rc1 Rc8 13. O-O Ne5 14. b3 Qc7 15. Nd4 Kf8 16. h3 Qa5 17. Rfd1 Bd7 18. Qb2 Be8 19. b4 Qc7 20.
Nd5 Nxd5 21. cxd5 Qb8 22. Rxc8 Qxc8 23. Rc1 Qb8 24. Qc2 b5 25. f4 Nd7 26. Nc6 Qa8 27. a4 f6 28. axb5 axb5 29. Bxb5 Qa3 30. Qd3 1-0

[Event "Late-Titled-Tuesday-Blitz-October-17-2023"]
[Site "Chess.com"]
[Date "2023.10.17"]
[Round "1"]
[White "DarkAlekhine"]
[Black "tylityli"]
[Result "1-0"]
[WhiteElo "2675"]
[BlackElo "2352"]
[TimeControl "180+1"]
[EndTime "14:06:28 PDT"]
[Termination "DarkAlekhine won by resignation"]

1. e4 e5 2. Nf3 Nc6 3. Bc4 Nf6 4. d3 Be7 5. O-O O-O 6. a4 a6 7. a5 d5 8. exd5 Nxd5 9. Re1 Bf6 10. Nbd2 Bg4 11.
h3 Bh5 12. c3 Re8 13. Ne4 Be7 14. Ng3 Bxf3 15. Qxf3 Nf6 16. Nf5 Bf8 17. Bg5 Be7 18. Bh6 Bf8 19. Bxg7 Bxg7 20. Qg3 Nh5 21. Qg4 Qf6 22. Qxh5 Qg6 23. Qf3 Ne7 24. Nxe7+ Rxe7 25.
Qxb7 Rae8 26. Qxa6 Qg5 27. Re3 e4 28. dxe4 Rxe4 29. Rxe4 Rxe4 30. Qa8+ 1-0

[Event "Late-Titled-Tuesday-Blitz-October-17-2023"]
[Site "Chess.com"]
[Date "2023.10.17"]
[Round "1"]
[White "Rikikits"]
[Black "TheKingDoctor"]
[Result "1-0"]
[WhiteElo "2811"]
[BlackElo "2439"]
[TimeControl "180+1"]
[EndTime "14:06:30 PDT"]
[Termination "Rikikits won on time"]

1. d3 d5 2. Nf3 Nf6 3. Nbd2 g6 4.
e4 Bg7 5. e5 Nfd7 6. d4 c5 7.
c3 O-O 8. h4 cxd4 9. cxd4 f6 10. h5 fxe5 11. dxe5 Nxe5 12. Nxe5 Bxe5 13. hxg6 hxg6 14.
Bd3 Qb6 15. Nf3 Bg4 16. Be3 Qb4+ 17. Kf1 d4 18. Bd2 Qb6 19. Qc2 Bxf3 20. Bc4+ Kg7 21. Bh6+ Kf6 22. gxf3 Rh8 23. Re1 Nd7 24. f4 Qc6 25. Rh2 Rac8 26. fxe5+ Nxe5 27. Rxe5 Qxc4+ 28. Qxc4 Rxc4 29. Re4 Rc1+ 30. Ke2 Rc2+ 31. Kd3 1-0

[Event "Late-Titled-Tuesday-Blitz-October-17-2023"]
[Site "Chess.com"]
[Date "2023.10.17"]
[Round "1"]
[White "Sokoloco"]
[Black "vidavi"]
[Result "1-0"]
[WhiteElo "2707"]
[BlackElo "2396"]
[TimeControl "180+1"]
[EndTime "14:06:30 PDT"]
[Termination "Sokoloco won by resignation"]

1. b3 e5 2. Bb2 Nc6 3. e3 Nf6 4. Nf3 d6 5. d4 e4 6. Nfd2 Be7 7. c4 O-O 8. Nc3 Bf5 9. d5 Ne5 10. Qc2 Nd3+ 11. Bxd3 exd3 12. Qd1 Ng4 13. Qf3 Bd7 14. g3 a5 15. a4 c6 16. h3 Ne5 17. Qg2 Qb6 18.
O-O Bf6 19. Nce4 Nf3+ 20. Nxf3 Bxb2 21. Rab1 Qxb3 22. Nd4 Qa3 23. dxc6 bxc6 24. Qf3 Bxh3 25. Rfd1 Bxd4 26. exd4 Be6 27. c5 Qxa4 28. cxd6 Bd5 29. Qxd3 Rfe8 30. Nc5 Qa2 31. d7 Re2 32. Re1 Bc4 33.
Rxe2 Bxd3 1-0

[Event "Late-Titled-Tuesday-Blitz-October-17-2023"]
[Site "Chess.com"]
[Date "2023.10.17"]
[Round "1"]
[White "protectiago"]
[Black "Zq1"]
[Result "0-1"]
[WhiteElo "2080"]
[BlackElo "2524"]
[TimeControl "180+1"]
[EndTime "14:06:30 PDT"]
[Termination "Zq1 won by resignation"]

1. d4 Nf6 2. c4 a6 3. g3 c5 4.
d5 b5 5. cxb5 Bb7 6. Bg2 e6 7.
bxa6 Bxd5 8. Nf3 Nxa6 9. O-O Be7 10. Nc3 Bc6 11. Re1 O-O 12. e4 Nb4 13. a3 c4 14. Bf4 Nd3 15. Re2 Nxf4 16. gxf4 d5 17. e5 Nh5 18. Nd4 Bb7 19. Qd2 g6 20. Rd1 Qb6 21. Nf3 Rfd8 22. Nd4 Bc5 23. Bf3 Ng7 24.
Kg2 Bxd4 25. Qxd4 Qxd4 26. Rxd4 Nf5 27. Rd1 Nh4+ 28. Kg3 Nxf3 29. Kxf3 d4+ 30. Ne4 d3 31.
Re3 Rd4 32. Rde1 Rad8 33. h4 d2 34. Rd1 Rxe4 35. Rxe4 Rd4 36. Ke3 Rd3+ 0-1

[Event "Late-Titled-Tuesday-Blitz-October-17-2023"]
[Site "Chess.com"]
[Date "2023.10.17"]
[Round "1"]
[White "CarrotsandPizza"]
[Black "sofaceindisguise"]
[Result "0-1"]
[WhiteElo "2438"]
[BlackElo "2810"]
[TimeControl "180+1"]
[EndTime "14:06:31 PDT"]
[Termination "sofaceindisguise won on time"]

1. e4 c5 2. Nf3 e6 3. d4 cxd4 4.
Nxd4 Bc5 5. Nb3 Be7 6. c4 Nc6 7. Nc3 Nf6 8. Bd3 O-O 9. O-O d6 10. Be3 a6 11. f3 Bd7 12. Qd2 Na5 13. Nc1 Rc8 14. b3 Nc6 15. N1e2 Qc7 16. Rfc1 Qb8 17. Kh1 Ne5 18. Bc2 b5 19. cxb5 axb5 20. a4 b4 21. Na2 d5 22. Bf4 Bd6 23. Bd1 dxe4 24. Nd4 Rfd8 25.
Bg5 exf3 26. Nxf3 Nxf3 27. Bxf3 Bxh2 28. Rxc8 Qxc8 29. Bxf6 gxf6 30. Kxh2 Bxa4 31. Qxb4 Qc7+ 32. Kh1 Be8 33. Rc1 Qe5 34. Qe7 Rb8 35. Nc3 Rc8 36. Ne2 Rb8 37. Nc3 Kg7 38. Ne4 h6 39. Rc7 Rxb3 0-1

[Event "Late-Titled-Tuesday-Blitz-October-17-2023"]
[Site "Chess.com"]
[Date "2023.10.17"]
[Round "1"]
[White "topin8"]
[Black "vugarrasulov"]
[Result "0-1"]
[WhiteElo "2500"]
[BlackElo "2961"]
[TimeControl "180+1"]
[EndTime "14:06:34 PDT"]
[Termination "vugarrasulov won on time"]

1. e4 c5 2. Nf3 e6 3. c3 d5 4.
e5 d4 5. d3 Nc6 6. g3 Nge7 7.
Bg2 Ng6 8. Qe2 Qc7 9. cxd4 cxd4 10. O-O Be7 11. Re1 O-O 12. Nbd2 Nb4 13. Nxd4 Rd8 14. a3 Rxd4 15. axb4 Bxb4 16. Nb3 Rd8 17. Bg5 Bxe1 18. Bxd8 Bxf2+ 19. Kxf2 Qxd8 20. d4 h6 21. Qc4 Qb6 22. Qc3 Bd7 23. Nc5 Bc6 24. Bf1 Bd5 25.
b4 a6 26. Bd3 Rd8 27. Bxg6 fxg6 28. Ke3 Rf8 29. Kd2 Qb5 30. Re1 Rf2+ 31. Kc1 Rxh2 32. Qd3 Qxb4 0-1

[Event "Late-Titled-Tuesday-Blitz-October-17-2023"]
[Site "Chess.com"]
[Date "2023.10.17"]
[Round "1"]
[White "stolencandy13"]
[Black "RichardShtivelband"]
[Result "1-0"]
[WhiteElo "2537"]
[BlackElo "2146"]
[TimeControl "180+1"]
[EndTime "14:06:34 PDT"]
[Termination "stolencandy13 won by resignation"]

1. d4 Nf6 2. Bf4 e6 3. e3 b6 4. Nf3 Bb7 5. Nc3 Be7 6. Bd3 c5 7. O-O O-O 8. Re1 Nc6 9. Ne5 cxd4 10. Nxc6 dxc6 11. exd4 c5 12. dxc5 Bxc5 13. Qe2 Bb4 14.
Rad1 Qe7 15. Bg5 Bxc3 16. bxc3 Rac8 17. c4 Rfd8 18. Qe3 h6 19. Bh4 Qc5 20. Qg3 g5 21. Re5 Qe7 22. Rxg5+ hxg5 23. Qxg5+ Kf8 24. Qh6+ Ke8 25. Bxf6 Qf8 26. Qxf8+ Kxf8 27. Bxd8 Rxd8 28. Be2 Rc8 29. h4 Ke7 30. h5 Be4 31. c3 Rc5 32. f3 Bh7 33. g4 Kf6 34. Kf2 Ke5 35. Ke3 Ra5 36. f4+ Kf6 37. g5+ Ke7 38. Rd2 Bb1 39. h6 Kf8 40. Rd8+ Ke7 41. Rd2 Kf8 42. Bd3 Bxa2 43.
Be4 Bxc4 44. Rd8+ Ke7 45. h7 1-0

[Event "Late-Titled-Tuesday-Blitz-October-17-2023"]
[Site "Chess.com"]
[Date "2023.10.17"]
[Round "1"]
[White "HanSchut"]
[Black "ellatambien"]
[Result "0-1"]
[WhiteElo "2319"]
[BlackElo "2622"]
[TimeControl "180+1"]
[EndTime "14:06:35 PDT"]
[Termination "ellatambien won on time"]

1. e4 e5 2. Nf3 Nc6 3. Bc4 Nf6 4. d4 exd4 5. e5 d5 6. Bb5 Ne4 7. Nxd4 Bc5 8. Be3 O-O 9. Nxc6 bxc6 10. Bxc5 Nxc5 11.
Bxc6 Rb8 12. Qxd5 Qe7 13. O-O Rxb2 14. Nc3 Rd8 15. Qf3 Ne6 16. Nd5 Qc5 17. Rad1 Ba6 18.
Rfe1 Rxc2 19. Ba4 Re2 20. Rxe2 Bxe2 21. Qxe2 Rxd5 22. Rxd5 Qxd5 23. Bb3 Qd4 24. Bxe6 fxe6 25. g3 c5 26. Qa6 Qd1+ 27. Kg2 Qd5+ 28. Kf1 c4 29.
Qxa7 h6 0-1

[Event "Late-Titled-Tuesday-Blitz-October-17-2023"]
[Site "Chess.com"]
[Date "2023.10.17"]
[Round "1"]
[White "biostatistician"]
[Black "RamyresCoelho"]
[Result "1-0"]
[WhiteElo "2588"]
[BlackElo "2283"]
[TimeControl "180+1"]
[EndTime "14:06:35 PDT"]
[Termination "biostatistician won by checkmate"]

1. d4 Nf6 2. Nf3 g6 3. c4 Bg7 4.
Nc3 d5 5. cxd5 Nxd5 6. e4 Nxc3 7. bxc3 O-O 8. Be2 c5 9. O-O cxd4 10. cxd4 Nc6 11.
Be3 Bg4 12. d5 Bxa1 13. Qxa1 Bxf3 14. Bxf3 Na5 15. Bh6 f6 16. Bxf8 Kxf8 17. e5 Rc8 18. Rd1 Nc4 19. exf6 exf6 20. d6 b6 21. Qd4 Rc5 22. h4 Ne5 23. Be2 Kg7 24. h5 Qd7 25. a4 gxh5 26. Bb5 Qg4 27. Qxg4+ hxg4 28. d7 Nxd7 29.
Rxd7+ Kg6 30. Rxa7 h5 31. Rb7 h4 32. Rxb6 g3 33.
fxg3 hxg3 34. Bd3+ Kg5 35. Rb5 Rxb5 36. axb5 f5 37. b6 f4 38. b7 f3 39. gxf3 Kf4 40. b8=Q+ Kxf3 41. Qf8+ Ke3 42. Qf5 g2 43. Bb5 Kd2 44.
Qd3+ Kc1 45. Qe2 Kb1 46. Ba4 Ka1 47. Bb3 Kb1 48. Qc2+ Ka1 49. Qa2# 1-0

[Event "Late-Titled-Tuesday-Blitz-October-17-2023"]
[Site "Chess.com"]
[Date "2023.10.17"]
[Round "1"]
[White "Road2GM3000"]
[Black "lamomiajunior"]
[Result "0-1"]
[WhiteElo "2412"]
[BlackElo "2731"]
[TimeControl "180+1"]
[EndTime "14:06:36 PDT"]
[Termination "lamomiajunior won by checkmate"]

1. d4 Nf6 2. c4 e6 3. Nc3 Bb4 4. Nf3 c5 5. g3 cxd4 6. Nxd4 Nc6 7. Bg2 O-O 8. O-O h6 9. Qd3 a6 10. a3 Bc5 11. Nxc6 dxc6 12. Rd1 Qxd3 13. Rxd3 e5 14. b4 Bd4 15. e3 Bf5 16. e4 Bxe4 17.
Bxe4 Nxe4 18. Rxd4 Nxc3 19. Rd7 b5 20. Bb2 Ne4 21.
Bxe5 Rfe8 22. Bf4 Rad8 23. Rxd8 Rxd8 24. Rc1 g5 25. Be3 Rd3 26. cxb5 cxb5 27. Rc8+ Kh7 28. Re8 Nf6 29. Re7 Kg6 30. Rb7 Rxa3 31. Rb6 Kf5 32. Bd4 Nd5 33. Rxh6 Nxb4 34. Rf6+ Ke4 35. Bc5 Ra1+ 36. Kg2 Nd3 37. Be3 g4 38. Rxf7 Ne1+ 39. Kf1 Nf3+ 40. Ke2 Re1# 0-1

[Event "Late-Titled-Tuesday-Blitz-October-17-2023"]
[Site "Chess.com"]
[Date "2023.10.17"]
[Round "1"]
[White "AleksanderHnydiuk"]
[Black "C_K_G"]
[Result "1-0"]
[WhiteElo "2514"]
[BlackElo "1895"]
[TimeControl "180+1"]
[EndTime "14:06:37 PDT"]
[Termination "AleksanderHnydiuk won on time"]

1. d4 d5 2. c4 e6 3. Nf3 Nf6 4. g3 b6 5. cxd5 exd5 6. Bg2 Bb7 7. O-O Bd6 8. Nc3 h6 9. Nb5 O-O 10. Nxd6 Qxd6 11. Bf4 Qd8 12. Rc1 c6 13. Ne5 Nbd7 14.
Nxc6 Bxc6 15. Rxc6 Re8 16. Qd3 Ne4 17. Rfc1 Qe7 18.
Rc7 Qe6 19. R1c6 Qf5 20. f3 g5 21. Bc1 Ndf6 22. fxe4 dxe4 23. Qc4 Ng4 24. e3 Qf2+ 25. Kh1 Rf8 26. Qf1 1-0

[Event "Late-Titled-Tuesday-Blitz-October-17-2023"]
[Site "Chess.com"]
[Date "2023.10.17"]
[Round "1"]
[White "Kale36"]
[Black "Mikhail_Golubev"]
[Result "1-0"]
[WhiteElo "2300"]
[BlackElo "2572"]
[TimeControl "180+1"]
[EndTime "14:06:39 PDT"]
[Termination "Kale36 won on time"]

1. d4 Nf6 2. Nc3 d5 3. Bg5 Nbd7 4. e3 h6 5. Bh4 g6 6. f4 Bg7 7. Nf3 c5 8. Bb5 O-O 9. O-O cxd4 10. exd4 Nb6 11.
Ne5 Ne4 12. Nxe4 dxe4 13. c3 Nd5 14. Qe2 f6 15. Ng4 f5 16. Ne5 Kh7 17. Bc4 Be6 18. Bxd5 Bxd5 19. c4 Bg8 20. Rfd1 Rc8 21. d5 Qd6 22.
Qe3 Bxe5 23. fxe5 Qxe5 24. Qxa7 g5 25. Bf2 f4 26. Bd4 Qc7 27. c5 Bxd5 28. Qa3 Qc6 29. Qc3 e3 30. Bg7 Rf7 31. Qe5 1-0

[Event "Late-Titled-Tuesday-Blitz-October-17-2023"]
[Site "Chess.com"]
[Date "2023.10.17"]
[Round "1"]
[White "Mykola-Bortnyk"]
[Black "Truequitos"]
[Result "1-0"]
[WhiteElo "2992"]
[BlackElo "2500"]
[TimeControl "180+1"]
[EndTime "14:06:42 PDT"]
[Termination "Mykola-Bortnyk won by resignation"]

1. e4 e6 2. d4 d5 3. exd5 exd5 4. c4 Nc6 5. Nc3 Nf6 6. Nf3 Bg4 7. Be3 Bb4 8. Rc1 O-O 9. Be2 dxc4 10. O-O Nd5 11. Bxc4 Nxe3 12. fxe3 a6 13. Qb3 Bh5 14. d5 Bxc3 15. dxc6 b5 16. Rxc3 bxc4 17. Qxc4 Qd6 18. Nd4 Rfe8 19. Qc5 Qh6 20. Nf5 Qe6 21. Nxg7 Kxg7 22.
Qxh5 Qg6 23. Qf3 Re6 24. Rc4 Rf6 25. Rf4 Rxf4 26. Qxf4 Re8 27. Qxc7 Re6 28. h3 Rxc6 29. Rxf7+ Qxf7 30. Qxc6 Qxa2 31. Qc3+ Kg8 32. Kh2 Qe6 33. Qd4 Qb3 34. e4 Qb8+ 35. e5 Kf7 36. Qd5+ Kg7 37.
b3 Qb4 38. e6 Qf4+ 39. Kg1 Qe3+ 40. Kf1 Qc1+ 41. Kf2 Qf4+ 42. Ke2 Kf6 43. Qf3 1-0

[Event "Late-Titled-Tuesday-Blitz-October-17-2023"]
[Site "Chess.com"]
[Date "2023.10.17"]
[Round "1"]
[White "Casablanca"]
[Black "VdovinDmitry"]
[Result "1-0"]
[WhiteElo "2763"]
[BlackElo "2388"]
[TimeControl "180+1"]
[EndTime "14:06:42 PDT"]
[Termination "Casablanca won by resignation"]

1. d4 d5 2. c4 c6 3. Nf3 Nf6 4. Qb3 Qb6 5. c5 Qc7 6. g3 Bg4 7. Bf4 Qc8 8. Ne5 Bf5 9. Nc3 Nfd7 10. g4 Be6 11. h3 Nxe5 12. Bxe5 f6 13. Bg3 Bf7 14.
e4 e6 15. e5 Nd7 16. exf6 Nxf6 17. Bd3 Be7 18. O-O-O O-O 19. Kb1 Nd7 20. Qc2 h6 21.
Bg6 Bxg6 22. Qxg6 Nf6 23. Rhe1 b5 24. h4 b4 25. g5 bxc3 26. gxf6 Bxf6 27. bxc3 Qa6 28.
Rxe6 Qa3 29. Qc2 a5 30. Qb3 Qxb3+ 31. axb3 Ra6 32. Ka2 a4 33. b4 g5 34. hxg5 Bxg5 35. b5 Raa8 36. Rxc6 1-0

[Event "Late-Titled-Tuesday-Blitz-October-17-2023"]
[Site "Chess.com"]
[Date "2023.10.17"]
[Round "1"]
[White "Dhaydon19"]
[Black "olawsson"]
[Result "1-0"]
[WhiteElo "2526"]
[BlackElo "2086"]
[TimeControl "180+1"]
[EndTime "14:06:43 PDT"]
[Termination "Dhaydon19 won by resignation"]

1. d4 d6 2. c4 g6 3. Nc3 Bg7 4.
Nf3 Nc6 5. g3 e5 6. dxe5 Nxe5 7.
Nxe5 Bxe5 8. Qb3 Ne7 9. Bg2 O-O 10. Bh6 Re8 11. Bg5 Qd7 12. Ne4 Qf5 13. O-O Nc6 14. h3 Bg7 15. g4 Qe6 16. Rad1 Na5 17. Qc2 Nxc4 18. Ng3 c6 19. b3 Nb6 20. e4 d5 21.
f4 dxe4 22. f5 Qe5 23. Nxe4 gxf5 24. gxf5 Bxf5 25. Rxf5 Qxf5 26. Nf6+ Qxf6 27. Bxf6 Bxf6 28.
Rf1 Re6 29. Qf5 Rae8 30. Be4 Rxe4 31. Qxf6 R8e7 32. Qg5+ Kf8 33. Qh6+ Kg8 34. Rf2 Re1+ 35. Kh2 R1e6 36. Rg2+ Rg6 37. Qf4 Nd5 38. Qb8+ Kg7 39.
Qxa7 Nf4 40. Qd4+ f6 41. Qxf4 1-0

[Event "Late-Titled-Tuesday-Blitz-October-17-2023"]
[Site "Chess.com"]
[Date "2023.10.17"]
[Round "1"]
[White "cthulhuuu"]
[Black "BardArtem"]
[Result "0-1"]
[WhiteElo "2413"]
[BlackElo "2748"]
[TimeControl "180+1"]
[EndTime "14:06:44 PDT"]
[Termination "BardArtem won by checkmate"]

1. e4 e5 2. Nf3 Nc6 3. Bb5 Nge7 4.
O-O Ng6 5. c3 d5 6. d4 dxe4 7.
Nxe5 Nxe5 8. dxe5 Qxd1 9. Rxd1 Bd7 10. Bf4 O-O-O 11. Bc4 Be6 12. Bxe6+ fxe6 13. Rxd8+ Kxd8 14. Nd2 Be7 15. Nxe4 h6 16. b4 Rf8 17. Bg3 Rf5 18.
Rd1+ Ke8 19. f4 g5 20. fxg5 hxg5 21. Rf1 Kf7 22. Nf6 Nxe5 23. Bxe5 Bxf6 24. Bxf6 Kxf6 25.
h3 Ke5 26. g3 Ke4 27. Rxf5 exf5 28. Kf2 f4 29. g4 b5 30. Ke2 f3+ 31. Ke1 Ke3 32.
Kf1 f2 33. h4 gxh4 34. g5 h3 35. g6 h2 36. Kg2 f1=Q+ 37. Kxf1 h1=Q# 0-1

[Event "Late-Titled-Tuesday-Blitz-October-17-2023"]
[Site "Chess.com"]
[Date "2023.10.17"]
[Round "1"]
[White "szachmistrz2500"]
[Black "greekplayer1"]
[Result "1-0"]
[WhiteElo "2419"]
[BlackElo "2693"]
[TimeControl "180+1"]
[EndTime "14:06:46 PDT"]
[Termination "szachmistrz2500 won by resignation"]

1. Nf3 g6 2. g3 Bg7 3. Bg2 Nf6 4. O-O O-O 5. d3 c5 6. e4 d5 7. e5 Nfd7 8. Qe2 Nc6 9. Bf4 f6 10. e6 Nde5 11. Bh3 Qd6 12. Nc3 Bxe6 13. Nb5 Qd7 14. Bxe6+ Qxe6 15. Nc7 Qg4 16. Kg2 Nxf3 17. Qxf3 Qxf3+ 18. Kxf3 Nd4+ 19. Kg2 Rad8 20. c3 Kf7 21. cxd4 cxd4 22.
Rac1 a6 23. Bd2 Rd7 24. f4 Rc8 25. Ba5 Bf8 26. Rc2 e6 27. Rfc1 Bd6 28. a4 h6 29. Bb6 g5 30. Kf3 f5 31. a5 Rg8 32.
h3 gxf4 33. gxf4 Rc8 34. Nb5 Rg8 35. Nxd6+ Rxd6 36. Rc7+ Kg6 37. Rg1+ 1-0

[Event "Late-Titled-Tuesday-Blitz-October-17-2023"]
[Site "Chess.com"]
[Date "2023.10.17"]
[Round "1"]
[White "Flaccidmoves"]
[Black "Hsper248"]
[Result "1-0"]
[WhiteElo "2410"]
[BlackElo "2690"]
[TimeControl "180+1"]
[EndTime "14:06:48 PDT"]
[Termination "Flaccidmoves won by checkmate"]

1. c4 Nf6 2. Nc3 g6 3. e4 Bg7 4.
d4 O-O 5. Nf3 d6 6. h3 e5 7. d5 Nh5 8. g3 Na6 9. Bg5 Qe8 10. Be2 f5 11. Qc2 Nb4 12. Qb3 a5 13.
Nd2 Nf6 14. a3 Na6 15. Qc2 Nc5 16. h4 Qf7 17. O-O-O a4 18. h5 fxe4 19. hxg6 Qxg6 20. Be3 Nd3+ 21. Kb1 Bf5 22. Rh2 h5 23. Rdh1 Ng4 24. Bxg4 hxg4 25. Rh5 Rf6 26. Rg5 Qf7 27. Ndxe4 Nc5 28.
Nxf6+ Qxf6 29. Qxf5 Qxf5+ 30. Rxf5 Nb3 31. Rg5 Kf7 32. Rh7 Rg8 33. Rxg4 Kf6 34. Ne4+ Kf5 35. f3 Nd4 36. Rg5# 1-0

[Event "Late-Titled-Tuesday-Blitz-October-17-2023"]
[Site "Chess.com"]
[Date "2023.10.17"]
[Round "1"]
[White "KorolDimitriy75"]
[Black "AlexPapasimakopoulos"]
[Result "0-1"]
[WhiteElo "2371"]
[BlackElo "2679"]
[TimeControl "180+1"]
[EndTime "14:06:50 PDT"]
[Termination "AlexPapasimakopoulos won on time"]

1. d4 e6 2. c4 d5 3. Nc3 a6 4.
cxd5 exd5 5. Bf4 c6 6. e3 Bd6 7. Nge2 Bf5 8. Bxd6 Qxd6 9. Ng3 Bg6 10. Bd3 Nd7 11.
O-O Ngf6 12. f3 O-O 13. Bxg6 hxg6 14. Qd2 Rad8 15. Rad1 Rfe8 16. e4 dxe4 17. fxe4 Ng4 18. e5 Ndxe5 19. Qf4 Nc4 20. Qxf7+ Kh7 21. Qxc4 Ne3 22.
Qd3 Nxf1 23. Nxf1 c5 24. d5 Qb6 25. Qd2 c4+ 26. Kh1 Re5 27. Ng3 Qe3 28. h3 Qxg3 29. Rf1 b5 30. Qd4 Re1 31. Qg1 Rxf1 32. Qxf1 b4 33. Ne4 Qe5 34. Qf3 Rxd5 35. h4 Rd1+ 36.
Qxd1 Qxe4 37. h5 Qh4+ 38. Kg1 Qxh5 39. Qc2 Qc5+ 40. Kh1 c3 41. b3 Qe3 0-1

[Event "Late-Titled-Tuesday-Blitz-October-17-2023"]
[Site "Chess.com"]
[Date "2023.10.17"]
[Round "1"]
[White "emirgulbeyaz"]
[Black "Willychess95"]
[Result "1-0"]
[WhiteElo "2404"]
[BlackElo "2654"]
[TimeControl "180+1"]
[EndTime "14:06:51 PDT"]
[Termination "emirgulbeyaz won by resignation"]

1. d4 f5 2. g4 d6 3. Nc3 fxg4 4.
h3 Nf6 5. Bg5 h6 6. Bh4 g5 7.
Bg3 Bg7 8. Qd3 O-O 9. e4 e5 10. Nge2 Nc6 11. d5 Ne7 12. O-O-O Ng6 13. hxg4 Bxg4 14.
f3 Bd7 15. Bh3 Nf4 16. Bxf4 exf4 17. Nd4 Bxh3 18. Rxh3 Nd7 19. Ne6 Nc5 20. Nxc5 dxc5 21. e5 Qe7 22. e6 Qf6 23. Qc4 b6 24. Re1 Rfe8 25. Qb5 Rad8 26. Qc6 Re7 27. Rd1 Qf5 28. Rhh1 Qf6 29. Rhe1 a5 30. d6 Rxd6 31. Rxd6 cxd6 32. Qxd6 b5 33. Qd8+ Kh7 34. Qd3+ Qg6 35. Qxg6+ Kxg6 36. Nd5 Re8 37. Nc7 Re7 38. Nd5 Bf6 39. Nxe7+ Bxe7 40. Kd2 c4 41. b3 cxb3 42. axb3 h5 43. Kd3 Kf5 44. Kd4 Bf6+ 45. Kd5 g4 46. fxg4+ hxg4 47. e7 Bxe7 48. Rxe7 g3 49. Rf7+ Kg4 50. Ke4 g2 51.
Rg7+ Kh3 52. Kf3 1-0

[Event "Late-Titled-Tuesday-Blitz-October-17-2023"]
[Site "Chess.com"]
[Date "2023.10.17"]
[Round "1"]
[White "wgraif"]
[Black "dianamirza"]
[Result "1-0"]
[WhiteElo "2522"]
[BlackElo "1970"]
[TimeControl "180+1"]
[EndTime "14:06:57 PDT"]
[Termination "wgraif won by resignation"]

1. e4 c5 2. Nc3 e6 3. Nge2 Nc6 4. g3 d6 5. Bg2 Nf6 6. O-O Be7 7. d4 cxd4 8. Nxd4 O-O 9. Nxc6 bxc6 10. e5 Nd5 11. exd6 Bxd6 12. Ne4 Be7 13. Qe2 a5 14. c4 Ba6 15. Rd1 Qb6 16. Qc2 Nb4 17.
Qc3 c5 18. Bf4 Nc6 19. Be3 f5 20. Nd6 Bf6 21. Qb3 Qxb3 22. axb3 Nd4 23. Bxa8 Nxb3 24. Bg2 Nxa1 25. Rxa1 Bxb2 26. Rxa5 Bc8 27. Nxc8 Rxc8 28. Ra8 Rxa8 29. Bxa8 Bd4 30. Bxd4 cxd4 31. f4 Kf7 32. Kf2 Ke7 33. Ke2 Kd6 34. Kd3 e5 35. fxe5+ Kxe5 36. c5 g5 37. Bg2 h5 38. h4 gxh4 39.
gxh4 f4 40. Bf3 Ke6 41. Kxd4 Kd7 42. c6+ Kc7 43. Kc5 Kc8 44. Kd6 Kd8 45. c7+ Kc8 46.
Be4 f3 47. Kc6 1-0